 Dungeon Crawl Stone Soup version 0.32-a0-999-gfa1cc04b1d (webtiles) character file.

Game seed: 6889925950541375301

11295 Arex the Fighter (level 11, -10/101 HPs)
             Began as a Grey Draconian Fighter on Apr 25, 2024.
             Was a Priest of Ru.
             Mangled by Sonja
             ... wielding a +2 short sword of distortion
              (19 damage)
             ... on level 11 of the Dungeon.
             The game lasted 00:19:04 (10298 turns).

Arex the Fighter (Grey Draconian Fighter)          Turns: 10298, Time: 00:19:04

Health: -10/101    AC: 16    Str: 22    XL:     11   Next: 47%
Magic:  11/11      EV: 13    Int: 10    God:    Ru [***...]
Gold:   913        SH:  6    Dex: 10    Spells: 10/10 levels left

rFire   + .          .
                       - Unarmed
rCold   . . .        a - +0 buckler
rNeg    . . .        (body armour unavailable)
rPois   .            (helmet restricted)
rElec   .            n - scarf {shadows}
rCorr   .            y - +0 pair of gloves
SInv    .            l - +2 pair of boots
Will    .....        w - amulet of regeneration Stlth
                     C - ring of protection from fire
HPRegen 1.16/turn    (no ring)
MPRegen 0.12/turn

%: no passive effects
@: silenced
A: mud breath, mud-swimmer, AC +12, amphibious, unfitting armour, cold-blooded,
inability to use devices, no air magic, no hexes magic, no necromancy magic
a: Mud Breath, Renounce Religion


You were on level 11 of the Dungeon.
You worshipped Ru.
Ru was most pleased with you.
You visited 2 branches of the dungeon, and saw 12 of its levels.

You collected 913 gold pieces.

Inventory:

Armour
 a - a +0 buckler (worn)
 l - a +2 pair of boots (worn)
 n - a scarf of shadows (worn)
 y - a +0 pair of gloves (worn)
Jewellery
 f - a ring of flight
 j - an amulet of magic regeneration
 w - an amulet of regeneration (around neck)
 C - a ring of protection from fire (left hand)
Talismans
 m - a blade talisman
Scrolls
 d - 3 scrolls of immolation
 g - 5 scrolls of enchant weapon
 h - a scroll of noise
 k - a scroll of torment
 o - a scroll of teleportation
 p - a scroll of fog
 r - a scroll of amnesia
 u - a scroll of poison
 z - a scroll of fear
 B - a scroll of vulnerability
Potions
 b - a potion of resistance {unknown}
 c - a potion of ambrosia {unknown}
 e - 3 potions of curing
 i - a potion of magic
 q - a potion of lignification {unknown}
 s - 2 potions of heal wounds {unknown}
 t - a potion of experience {unknown}
 v - a potion of degeneration {unknown}
 A - 3 potions of mutation {unknown}


   Skills:
 + Level 10.5 Fighting
 + Level 8.8 Dodging
 + Level 9.6 Shields
 + Level 9.4 Unarmed Combat
   Level 0.0 Evocations


You had 10 spell levels left.
You didn't know any spells.
Your spell library contained the following spells:

 Spells                   Type           Power      Damage    Failure   Level
 Hailstorm                Conj/Ice       0%         3d5       78%         3
 Ozocubu's Armour         Ice            0%         N/A       78%         3
 Summon Ice Beast         Ice/Summ       0%         N/A       78%         3
 Permafrost Eruption      Ice/Erth       0%         2x4d1     100%        6
 Sculpt Simulacrum        Ice/Alch       0%         N/A       100%        6
 Manifold Assault         Tloc           0%         N/A       100%        7
 Fugue of the Fallen      Necr           Unusable   N/A       N/A         3

Dungeon Overview and Level Annotations

Branches:
Dungeon (11/15)            Temple (1/1) D:5             Orc (0/2) D:10
   Lair: D:8-11

Altars:
Ashenzari
Cheibriados
Dithmenos
Elyvilon
Fedhas
Gozag
Hepliaklqana
Kikubaaqudgha
Makhleb
Nemelex Xobeh
Okawaru
Qazlal
Ru
Sif Muna
Trog
Uskayaw
Vehumet
Wu Jian
Xom
Yredelemnul
Zin
The Shining One

Shops:
D:10 (

Annotations:
D:6 2 transporters
D:9 exclusion: ice statue
D:11 Sonja
Temple 4 transporters


Innate Abilities, Weirdness & Mutations

You can breathe torrents of mud.
You are unimpeded by mud.
Your dull iron-grey scales are very hard. (AC +12)
You are amphibious.
You cannot fit into any form of body armour.
You are cold-blooded and may be slowed by cold attacks.
You cannot study or use magical devices.
You cannot study or cast Air magic.
You cannot study or cast Hexes magic.
You cannot study or cast Necromancy magic.


Message History

Sonja throws a curare-tipped dart.
The curare-tipped dart completely misses Sonja.
Sonja casts a spell.
Sonja blinks!
Sonja hits you but does no damage. Space warps horribly around you!
Sonja completely misses you.
Sonja hits you with a +2 short sword of distortion.
You blink.
You can't go up here!
Unknown command.
Okay, then.
Found a scroll labelled DIEZXO YBBEKH.
Sonja twirls her cape.
Sonja plants her feet in a plie.
Sonja throws a curare-tipped dart.
The curare-tipped dart barely misses you.
Sonja gestures wildly while chanting.
Sonja blinks!
Found a metallic sapphire potion.
Sonja bows elegantly.
As you read the scroll of summoning, it crumbles to dust.
Wisps of shadow whirl around you... Sonja hits you but does no damage.
Space warps horribly around you!
Sonja hits you with a +2 short sword of distortion.
Sonja barely misses you.
Okay, then.
As you read the scroll of silence, it crumbles to dust.
A profound silence engulfs you.
Your killer bee closely misses Sonja.
Sonja hits you with a +2 short sword of distortion!
Space warps horribly around you! Sonja barely misses you.
Sonja hits you but does no damage. Space warps horribly around you!!
Your killer bee barely misses Sonja.
Your killer bee misses Sonja.
Sonja hits you with a +2 short sword of distortion.
Space warps horribly around you!!
* * * LOW HITPOINT WARNING * * *
Sonja hits you but does no damage. Space warps horribly around you!!
You die...
Ru respects your ultimate sacrifice.

.. #.... ####.# ...
#...# #.<..# .. #...#
#.#.Y# ####.#######...#
#Y.Y.#
......)<)ยง.#...##...#(#
.###.#####).......###.#
# ##y...$..# .#
###Ky....## #
#V.@y......
!.....y.D....#
##.###........ #
.?...#... ....#....
.#####... . ..


You could see Sonja (ally target), a friendly vampire (summoned), a friendly
acid dragon (summoned, unsilenced) and 4 friendly killer bees.

Vanquished Creatures
  A two-headed ogre (D:9)
  Lodul (D:10)
  Pikel (D:4)
  An orc knight (D:10)
  A manticore (D:9)
  Joseph (D:10)
  A troll (D:9)
  Grinder (D:4)
  Sigmund (D:4)
  A wraith (D:9)
  A wyvern (D:8)
  A steam dragon (D:9)
  24 yaks
  An acid dragon (D:10)
  2 orc warriors
  2 water moccasins
  An ice beast (D:7)
  2 sky beasts (D:6)
  7 ogres
  3 centaurs
  4 lemures (D:3)
  3 bullfrogs
  A kobold brigand (D:8)
  A gnoll sergeant (D:10)
  5 scorpions
  8 wights
  5 killer bees (D:8)
  2 howler monkeys
  3 bombardier beetles
  A crimson imp (D:6)
  A jelly (D:6)
  2 orc priests
  6 hounds
  A gnoll bouda (D:8)
  2 sleepcaps
  4 orc wizards
  4 iguanas
  11 adders
  12 gnolls
  2 white imps
  2 dart slugs
  A ribbon worm (D:3)
  23 orcs
  5 endoplasms
  3 giant cockroaches
  7 goblins
  9 hobgoblins
  9 jackals (D:2)
  8 quokkas
  8 ball pythons
  8 bats
  5 frilled lizards
  14 kobolds
  5 rats
239 creatures vanquished.

Vanquished Creatures (others)
  Maggie (D:9)
  An unseen horror (D:10)
  An orc wizard (D:5)
3 creatures vanquished.

Grand Total: 242 creatures vanquished

Notes
Turn   | Place    | Note
-------+----------+-------------------------------------------
     0 | D:1      | Arex the Draconian Fighter began the quest for the Orb.
     0 | D:1      | Reached XP level 1. HP: 19/19 MP: 1/1
   106 | D:1      | Reached XP level 2. HP: 26/26 MP: 2/2
   776 | D:1      | Reached XP level 3. HP: 31/31 MP: 3/3
  1385 | D:2      | Reached XP level 4. HP: 29/40 MP: 4/4
  1634 | D:2      | Reached skill level 4 in Fighting
  1899 | D:3      | Found a bloodstained altar of Trog.
  2075 | D:3      | Found an ancient bone altar of Kikubaaqudgha.
  2313 | D:3      | Reached XP level 5. HP: 37/46 MP: 5/5
  2474 | D:3      | Found a sacrificial altar of Ru.
  2973 | D:4      | Reached XP level 6. HP: 49/53 MP: 6/6
  2993 | D:4      | Noticed Grinder
  2996 | D:4      | Paralysed by Grinder for 4 turns
  3007 | D:4      | Killed Grinder
  3008 | D:4      | Reached skill level 5 in Fighting
  3238 | D:4      | Identified the +10 dagger of Youthful Indiscretion
                  | {protect, rPois rCorr SInv}
  3302 | D:4      | Your scales start taking on a dull iron-grey colour.
  3302 | D:4      | Reached XP level 7. HP: 52/61 MP: 7/7
  3348 | D:4      | Noticed Pikel
  3886 | D:5      | Entered Level 5 of the Dungeon
  3947 | D:5      | Found a staircase to the Ecumenical Temple.
  3973 | Temple   | Found a transporter.
  3973 | Temple   | Found a transporter.
  3973 | Temple   | Found a transporter.
  3973 | Temple   | Found a transporter.
  3973 | Temple   | Entered the Ecumenical Temple
  4116 | D:3      | Became a worshipper of Ru the Awakened
  4298 | D:5      | Reached skill level 5 in Shields
  4736 | D:5      | Reached skill level 6 in Fighting
  4736 | D:5      | Reached skill level 5 in Dodging
  4761 | D:5      | Reached XP level 8. HP: 55/70 MP: 8/8
  5061 | D:5      | Reached skill level 5 in Unarmed Combat
  5171 | D:6      | Found a transporter.
  5172 | D:6      | Found a white marble altar of Elyvilon.
  5301 | D:6      | Found a transporter.
  5461 | D:6      | Identified the +9 dagger of Trial by Ordeal {freeze, *Rage
                  | rN+ Dex+3 Stlth+}
  5560 | D:6      | Gained mutation: You cannot study or cast Air magic. [Ru
                  | sacrifice]
  5560 | D:6      | Gained mutation: You cannot study or cast Hexes magic. [Ru
                  | sacrifice]
  5560 | D:6      | Gained mutation: You cannot study or cast Necromancy magic.
                  | [Ru sacrifice]
  5560 | D:6      | Reached * piety under Ru
  5718 | D:6      | Reached skill level 7 in Fighting
  5770 | D:6      | Found a burning altar of Makhleb.
  5876 | D:6      | Reached XP level 9. HP: 50/77 MP: 9/9
  6131 | D:4      | Killed Pikel
  6233 | D:4      | Found an opulent altar of Gozag.
  6233 | D:4      | Found a sparkling altar of Nemelex Xobeh.
  6342 | D:4      | Found a hide-covered altar of Uskayaw.
  6345 | D:4      | Found a broken altar of Ashenzari.
  6408 | D:4      | Found a hazy altar of Hepliaklqana.
  6411 | D:4      | Noticed Sigmund
  6421 | D:4      | Killed Sigmund
  6731 | D:7      | Reached skill level 8 in Fighting
  6750 | D:7      | Found a radiant altar of Vehumet.
  6770 | D:7      | Reached skill level 1 in Evocations
  7866 | D:8      | Gained mutation: You cannot study or use magical devices.
                  | [Ru sacrifice]
  7866 | D:8      | Reached ** piety under Ru
  7866 | D:8      | Reached *** piety under Ru
  7876 | D:8      | Reached XP level 10. HP: 90/90 MP: 10/10
  7921 | D:9      | Noticed Maggie
  7943 | D:9      | Killed Maggie
  7980 | D:9      | Noticed an ice statue
  8261 | D:9      | Noticed a manticore
  8274 | D:9      | Killed a manticore
  8275 | D:9      | Reached skill level 9 in Fighting
  8542 | D:9      | Noticed a two-headed ogre
  8569 | D:9      | Killed a two-headed ogre
  8987 | D:10     | Entered Level 10 of the Dungeon
  9015 | D:10     | Noticed an orc knight
  9436 | D:10     | Reached XP level 11. HP: 60/99 MP: 11/11
  9477 | D:10     | Found a staircase to the Orcish Mines.
  9477 | D:10     | Found Meonwic's Weapon Shoppe.
  9560 | D:11     | Noticed Sonja
  9567 | D:11     | Noticed Lodul
  9653 | D:10     | Reached skill level 10 in Fighting
  9690 | D:10     | Killed Lodul
  9789 | D:10     | Noticed Joseph
  9825 | D:10     | Killed Joseph
 10008 | D:10     | Killed an orc knight
 10298 | D:11     | Mangled by Sonja

Illustrated notes

Levels and vault maps discovered:
D:1:      dpeg_arrival_morbid_curiosity, layout_loops_corners, kennysheep_boxes
D:2:      layout_basic, minmay_misc_feat_nine_boxes, kennysheep_generic_room_7
D:3:      layout_basic, nicolae_kikubaaqudgha_miasma_corner,
          nicolae_ru_the_path_less_chosen, mainiacjoe_overflow_six_doors_small
D:4:      layout_basic, grunt_temple_overflow_opulence,
          nicolae_hepliaklqana_hazy_memory, jmf_multi_god_temple2,
          patterned_corridor, uniq_grinder, uniq_pikel, uniq_sigmund
D:5:      layout_loops_ring, minmay_temple_entry_ruins, serial_park_tiny_pond,
          minmay_fractal_squares_5
D:6:      layout_loops_cross, makhleb_grotto_becter, elyvilon_altar_4
D:7:      layout_gridville, mainiacjoe_overflow_chevrons
D:8:      layout_gridville
D:9:      layout_roguey, gammafunk_ghost_grave, nicolae_kite_square_tiling_tiny,
          minivault_16, uniq_maggie
D:10:     layout_roguey, orc_david_3, hangedman_decor_peaks_small,
          minmay_misc_feat_hallway, uniq_joseph
D:11:     layout_rooms, lair_entry_dummy, minmay_nine_imps, uniq_lodul,
          uniq_sonja
Temple:   hellmonk_temple_divided_pantheon

Skill      XL: |  1  2  3  4  5  6  7  8  9 10 11 |
---------------+----------------------------------+-----
Dodging        | 3 4 5 6 7 8 |  8.8
Fighting       | 4 5 6 7 8 9 10 | 10.5
Unarmed Combat | 3 4 6 7 8 9 |  9.4
Shields        | 4 5 6 7 9 |  9.6
Evocations     | 0 |  0.0

Action                     |  1- 3 |  4- 6 |  7- 9 | 10-12 || total
---------------------------+-------+-------+-------+-------++-------
  Melee: Unarmed           |   177 |   202 |   522 |   401 ||  1302
         Tailslap          |    16 |    27 |    71 |    77 ||   191
 Invoke: Sacrifice Arcana  |       |       |     1 |       ||     1
         Sacrifice Artific |       |       |     1 |       ||     1
Ability: Mud Breath        |       |       |     8 |     7 ||    15
  Evoke: Wand              |       |       |     2 |       ||     2
    Use: Scroll            |       |     5 |     7 |    12 ||    24
         Potion            |       |     1 |     5 |       ||     6
   Stab: Sleeping          |     1 |     1 |       |       ||     2
         Distracted        |       |       |       |     1 ||     1
         Invisible         |       |       |       |     1 ||     1
 Armour: Skin              |   130 |   108 |   307 |   212 ||   757
  Dodge: Dodged            |   106 |   105 |   237 |   185 ||   633
  Block: Buckler           |    40 |    38 |   107 |    86 ||   271

Table legend: (Time is in decaauts)
 A = Elapsed time spent in this place.
 B = Non-inter-level travel time spent in this place.
 C = Inter-level travel time spent in this place.
 D = Time resting spent in this place.
 E = Time spent auto-exploring this place.
 F = Levels seen in this place.
 G = Mean time per level.
                   A        B        C        D        E       F      G
               +--------+--------+--------+--------+--------+-----+--------+
         Total |  10218 |   9446 |    772 |    987 |   6109 |  12 |  851.5 |
       Dungeon |  10204 |   9438 |    766 |    987 |   6109 |  11 |  927.6 |
        Temple |     13 |      7 |      6 |      0 |      0 |   1 |   13.0 |
               +--------+--------+--------+--------+--------+-----+--------+

Top non-repeatable levels by time:
     D:3: 1393 daAuts
     D:4: 1203 daAuts
     D:5: 1167 daAuts
     D:9: 1160 daAuts
    D:10: 979 daAuts
     D:8: 963 daAuts
     D:1: 928 daAuts
     D:2: 917 daAuts
     D:6: 870 daAuts
     D:7: 528 daAuts
    D:11: 92 daAuts
  Temple: 13 daAuts
